Map: Dusk Towers

Players

MetalMilitia - Winner!

  • Race: Zerg Zerg
  • League: Gold

LilDicky

  • Race: Terran Terran
  • League: Diamond

VOD

http://www.twitch.tv/tumescentpie

Description

Time

  • Played on: Nov. 27, 2015, 1:02 a.m.
  • Length: 6:14
Show
View Real Time Build Order
Export as new Build Order

MetalMilitia Zerg - Winner!

Build Orders: 3 Hatch before Pool 

Get SALT Encoding   

  12  0:01  Drone  
  13  0:09  Drone  
  14  0:17  Overlord  
  14  0:25  Drone, Extractor  
  15  0:35  Drone  
  15  0:36  Drone  
  17  0:46  Drone  
  18  0:58  Hatchery  
  17  1:17  Hatchery  
  16  1:21  Drone  
  17  1:34  Spawning Pool  
  17  1:35  Drone  
  17  1:46  Drone  
  17  1:47  Drone  
  19  1:55  Drone  
  20  2:04  Drone  
  20  2:08  Overlord  
  21  2:12  Drone  
  22  2:20  Queen  
  22  2:22  Queen  
  26  2:28  Queen  
  26  2:29  Drone  
  29  2:31  Drone  
  29  2:33  Drone  
  31  2:38  Drone  
  31  2:41  Zergling x2  
  33  2:57  Drone x2  
  35  3:01  Drone x2  
  35  3:04  Queen  
  35  3:05  Overlord  
  39  3:13  Drone  
  39  3:14  Drone x2  
  39  3:15  Overlord x2  
  42  3:22  Overlord  
  42  3:27  Extractor  
  41  3:34  Drone x4  
  42  3:35  Drone x4  
  42  3:40  Roach Warren  
  48  3:57  Extractor x2  
  46  4:03  Drone  
  46  4:04  Drone x4  
  46  4:06  Drone x2  
  46  4:07  Overlord x2  
  53  4:13  Extractor  
  53  4:14  Drone  
  53  4:15  Drone x2  
  55  4:27  Roach  
  55  4:28  Zergling x2  
  58  4:32  Extractor x2  
  56  4:38  Roach  
  56  4:39  Roach x3  
  64  5:00  Roach  
  64  5:01  Roach x9  
  64  5:02  Overlord x3  
  83  5:19  Roach x3  
  83  5:20  Overlord  
  83  5:21  Overlord x3  
  89  5:47  Roach x13  
  89  5:48  Roach x2  
Show
View Real Time Build Order
Export as new Build Order

LilDicky Terran 

Build Orders: MMM Bio 

Get SALT Encoding   

  12  0:01  SCV  
  13  0:13  SCV  
  14  0:17  Supply Depot  
  14  0:27  SCV  
  15  0:30  Refinery  
  15  0:39  SCV  
  16  0:45  Barracks  
  16  0:52  SCV  
  17  1:04  SCV  
  18  1:16  SCV  
  19  1:28  SCV  
  20  1:33  Supply Depot, Barracks Reactor  
  20  1:40  Orbital Command  
  20  1:44  Barracks  
  20  1:49  Barracks  
  20  1:58  Refinery  
  20  2:06  SCV  
  21  2:10  Marine x2  
  23  2:19  Factory  
  23  2:24  SCV  
  23  2:29  Marine x2  
  26  2:31  Barracks Tech Lab  
  26  2:36  Barracks Tech Lab  
  26  2:37  Supply Depot  
  26  2:38  SCV  
  27  2:47  Marine x2  
  29  2:51  Stimpack  
  29  2:53  Marine  
  30  3:01  Combat Shields  
  30  3:03  SCV  
  30  3:05  Marine  
  32  3:07  Marine  
  33  3:13  Supply Depot  
  33  3:21  Marine  
  33  3:22  Marine  
  33  3:23  Factory Reactor  
  33  3:26  SCV  
  36  3:35  Starport  
  36  3:37  Marine  
  36  3:39  Marine  
  41  3:48  Marauder  
  41  3:50  Marauder  
  41  3:54  SCV  
  43  3:59  Supply Depot  
  43  4:00  Marine  
  43  4:01  Marine  
  47  4:19  Medivac  
  47  4:20  Medivac  
  47  4:21  Supply Depot, Marine  
  47  4:22  Marine  
  51  4:28  Marauder  
  53  4:33  Concussive Shells  
  53  4:36  Marauder  
  55  4:44  Supply Depot  
  55  4:45  Marine  
  55  4:48  Marine  
  57  5:04  Marine x2  
  57  5:05  Marauder  
  61  5:07  Medivac  
  61  5:09  SCV  
  64  5:14  Marine  
  65  5:21  SCV  
  65  5:22  Supply Depot, Marauder  
  68  5:33  SCV  
  69  5:43  Marine x3  
  69  5:44  Marauder  
  69  5:54  SCV  
Tags
 
Add a new tag
Caveats
  • Supply blocks, unpowered buildings, or Contaminate may cause inaccurate times.
  • Supply counts are checked every 10 seconds.